 Dungeon Crawl Stone Soup version 0.25-a0-201-g0bb11aece9 (webtiles) character file.

Game seed: 14137422700647278899, levelgen mode: deterministic

60 floatRand the Shield-Bearer (level 4, -7/31 HPs)
             Began as an Octopode Fighter on Dec 2, 2019.
             Killed by divine providence
             ... invoked by an orc priest
              (11 damage)
             ... on level 3 of the Dungeon.
             The game lasted 00:01:26 (1678 turns).

floatRand the Shield-Bearer (Octopode Fighter)      Turns: 1678, Time: 00:01:26

Health: -7/31      AC:  1    Str: 15    XL:     4   Next: 4%
Magic:  4/4        EV: 12    Int: 10    God:
Gold:   66         SH:  9    Dex: 12    Spells: 3/3 levels left

rFire    . . .     SeeInvis +   a - +0 flail
rCold    . . .     Gourm    .   b - +0 shield
rNeg     + . .     Faith    .   (helmet restricted)
rPois    .         Spirit   .   (no amulet)
rElec    .         Reflect  .   i - ring of positive energy
rCorr    .         Harm     .   j - ring of see invisible
MR       .....                  (no ring)
Stlth    +++.......             (no ring)
HPRegen  0.10/turn              (no ring)
MPRegen  0.09/turn              (no ring)
                                (no ring)
                                (no ring)

@: no status effects
A: almost no armour, stealthy swim, amphibious, 8 rings, constrict 8, camouflage
1, gelatinous body 1
a: no special abilities


You were on level 3 of the Dungeon.
You were not hungry.

You visited 1 branch of the dungeon, and saw 3 of its levels.

You collected 66 gold pieces.

Inventory:

Hand Weapons
 a - a +0 flail (weapon)
 f - a +0 hand axe of chopping
Armour
 b - a +0 shield (worn)
Jewellery
 i - a ring of positive energy (left tentacle)
 j - a ring of see invisible (right tentacle)
Scrolls
 k - a scroll of teleportation {unknown}
 l - 2 scrolls of fog {unknown}
 m - a scroll of identify
Potions
 c - a potion of might
 e - a potion of lignification {unknown}
 g - a potion of curing {unknown}
Comestibles
 d - 2 rations
 h - 3 chunks of flesh


   Skills:
 - Level 3.0 Fighting
 + Level 2.9 Maces & Flails
 - Level 3.0 Dodging
 + Level 2.8 Stealth
 + Level 3.6 Shields


You had 3 spell levels left.
You didn't know any spells.
Your spell library was empty.

Dungeon Overview and Level Annotations

Branches:
Dungeon (3/15)

Altars:
Xom


Innate Abilities, Weirdness & Mutations

You cannot wear most types of armour.
You are very stealthy in the water. (Stealth+)
You are amphibious.
You can wear up to eight rings at the same time.
You can use your tentacles to constrict eight enemies at once.
Your skin changes colour to match your surroundings (Stealth+).
Your rubbery body absorbs attacks. (AC +1, EV +1)


Message History

You hit the rat.
You kill the rat!
The orc hits you.
You hit the orc. Your grab misses the orc.
The orc is heavily wounded.
You block the orc's attack.
You completely miss the orc. You grab the orc.
The orc is heavily wounded.
You constrict the orc.
The orc priest calls down the wrath of Beogh upon you.
Beogh smites you! The orc barely misses you.
You thump the orc!
You kill the orc!
You block the hound's attack.
The orc priest mumbles some strange prayers to Beogh against you.
Beogh smites you!
* * * LOW HITPOINT WARNING * * *
The orc priest invokes the aid of Beogh against you.
Beogh smites you!
You die...

#.# ..# #.# #.# #.# #.#
#.# ##.## #.# ...# #.#
#..# ##.## .###o###..#
##...##
....oo†h@.###.....####..
####o####.......[......#
#######.######## #.# #.
#.# #. ##'## #.# ##...##
#.## ##.....## #..##
##.......##


You could see a hound, an orc priest and 3 orcs.

Vanquished Creatures
  2 adders (D:2)
  A dart slug (D:3)
  An orc (D:3)
  7 bats
  A giant cockroach (D:1)
  3 goblins
  2 hobgoblins (D:1)
  7 jackals
  3 kobolds (D:2)
  5 frilled lizards (D:1)
  6 rats
38 creatures vanquished.

Notes
Turn   | Place    | Note
-------+----------+-------------------------------------------
     0 | D:1      | floatRand the Octopode Fighter began the quest for the Orb.
     0 | D:1      | Reached XP level 1. HP: 16/16 MP: 1/1
    22 | D:1      | Reached skill level 1 in Stealth
   127 | D:1      | Reached XP level 2. HP: 17/21 MP: 2/2
   818 | D:2      | Reached XP level 3. HP: 21/26 MP: 3/3
  1217 | D:2      | Found a shimmering altar of Xom.
  1580 | D:3      | Reached XP level 4. HP: 30/31 MP: 4/4
  1678 | D:3      | Killed from afar by an orc priest

Levels and vault maps discovered:
D:1:      dpeg_arrival_line_fractal, layout_loops_ring
D:2:      layout_basic, overflow_temple_1_default
D:3:      layout_loops_corners

Skill      XL: |  1  2 |
---------------+-------+-----
Stealth        | 1 2 |  2.8
Fighting       | |  3.0
Maces & Flails | |  2.9
Dodging        | |  3.0
Shields        | |  3.6

Action                   |  1- 3 |  4- 6 || total
-------------------------+-------+-------++-------
Melee: Flail             |    67 |     4 ||    71
       Constrict         |    26 |     1 ||    27
       Tentacles         |     7 |       ||     7
  Use: Scroll            |     2 |       ||     2
 Stab: Sleeping          |     5 |       ||     5
  Eat: Chunk             |     2 |       ||     2
Armor: Skin              |     6 |       ||     6
Dodge: Dodged            |    34 |     2 ||    36
Block: Shield            |    28 |     2 ||    30

Table legend:
 A = Non-vault XP
 B = Vault XP
 C = Vault XP percentage of total XP
 D = Non-vault monster count
 E = Vault monster count
 F = Vault count percentage of total count
                 A         B        C        D         E       F
            +---------+---------+-------+---------+---------+-------
      Total |      86 |       0 |   0.0 |      38 |       0 |   0.0
            +---------+---------+-------+---------+---------+-------
        D:1 |      30 |       0 |   0.0 |      19 |       0 |   0.0
        D:2 |      44 |       0 |   0.0 |      12 |       0 |   0.0
        D:3 |      12 |       0 |   0.0 |       7 |       0 |   0.0
            +---------+---------+-------+---------+---------+-------
